[Event "ICC tourney 2516 (60 10)"]
[Site "Internet Chess Club"]
[Date "2021.04.18"]
[Round "4"]
[White "VARMA, ANAY:anayvarma"]
[Black "Smith-Wang, Calder:chowchowchess"]
[Result "1-0"]
[ICCResult "Black checkmated"]
[WhiteElo "879"]
[BlackElo "590"]
[Opening "Scandinavian (center counter) defense"]
[ECO "B01"]
[NIC "SD.02"]
[Time "10:00:30"]
[PlyCount "51"]
[TimeControl "3600+10"]

1. e4 d5 2. exd5 Qxd5 3. Nc3 Qd8 4. Bc4 Nf6 5. d4 a6 6. Bf4 b5 7. Bb3 c5 8.
dxc5 Qxd1+ 9. Rxd1 e6 10. Nf3 Bxc5 11. O-O O-O 12. Bg5 Nh5 13. Ne4 Nd7 14.
Nxc5 Nxc5 15. Be7 Nxb3 16. Bxf8 Kxf8 17. cxb3 Bb7 18. Ne5 Nf4 19. Rd7 Bxg2
20. Rxf7+ Kg8 21. Rxf4 Bxf1 22. Kxf1 Rc8 23. Nd7 Rd8 24. Nc5 Rd2 25. Nxe6
g6 26. Rf8# { Black checkmated } 1-0

[Event "ICC tourney 2516 (60 10)"]
[Site "Internet Chess Club"]
[Date "2021.04.18"]
[Round "4"]
[White "Bhatnagar, Arjun:arjunbps10"]
[Black "PIEN, ALEXANDER:ayp2012"]
[Result "1-0"]
[ICCResult "Black checkmated"]
[WhiteElo "957"]
[BlackElo "628"]
[Opening "Three knights game"]
[ECO "C46"]
[NIC "KP.06"]
[Time "10:00:28"]
[PlyCount "119"]
[TimeControl "3600+10"]

1. e4 e5 2. Nf3 Nc6 3. Nc3 Bc5 4. Nxe5 Nxe5 5. d4 Bd6 6. dxe5 Bxe5 7. Bc4
Nf6 8. Bg5 O-O 9. O-O h6 10. Bh4 d6 11. f4 Bxc3 12. bxc3 Be6 13. Bxe6 fxe6
14. e5 dxe5 15. fxe5 Qxd1 16. Rfxd1 Ng4 17. Rd7 Nxe5 18. Rxc7 Rab8 19. Re1
Ng6 20. Be7 Nxe7 21. Rxe7 Rbc8 22. Rxb7 Rxc3 23. Rxa7 Rxc2 24. Rf1 Rxf1+
25. Kxf1 e5 26. Re7 Rxa2 27. Rxe5 Ra1+ 28. Re1 Rxe1+ 29. Kxe1 Kf7 30. Kf2
Kg6 31. Ke3 Kg5 32. Ke4 Kg4 33. Ke3 g5 34. Ke4 h5 35. Ke5 h4 36. Ke4 h3 37.
g3 Kh5 38. Kf5 g4 39. Kf4 Kg6 40. Kxg4 Kh6 41. Kxh3 Kg5 42. g4 Kh6 43. Kh4
Kg6 44. g5 Kh7 45. Kh5 Kg7 46. g6 Kh8 47. Kh6 Kg8 48. Kg5 Kg7 49. h4 Kh8
50. h5 Kg8 51. h6 Kh8 52. Kf6 Kg8 53. h7+ Kh8 54. g7+ Kxh7 55. Kf7 Kh6 56.
g8=Q Kh5 57. Qg6+ Kh4 58. Kf6 Kh3 59. Kf5 Kh4 60. Qg4# { Black checkmated }
1-0

[Event "ICC tourney 2516 (60 10)"]
[Site "Internet Chess Club"]
[Date "2021.04.18"]
[Round "4"]
[White "Lam, Oliver H.Y.:OliverLam"]
[Black "SHLISKY, CLARK:ClarkSps77"]
[Result "0-1"]
[ICCResult "White checkmated"]
[WhiteElo "448"]
[BlackElo "950"]
[Opening "Giuoco Piano"]
[ECO "C50"]
[NIC "IG.02"]
[Time "10:00:29"]
[PlyCount "88"]
[TimeControl "3600+10"]

1. e4 e5 2. Nf3 Nc6 3. Bc4 Bc5 4. O-O Nf6 5. d4 Bxd4 6. c3 Bb6 7. Nbd2 O-O
8. b3 d6 9. h3 Be6 10. Bxe6 fxe6 11. Bb2 Nd7 12. Ng5 Qxg5 13. Nf3 Qg6 14.
Bc1 Nc5 15. Re1 Nxe4 16. Rf1 Nxc3 17. Qd2 Rxf3 18. Qg5 Qxg5 19. Bxg5 Rf5
20. Bd2 Ne2+ 21. Kh2 Bxf2 22. Be1 Bxe1 23. Rxf5 exf5 24. Rxe1 Ned4 25. g3
Nf3+ 26. Kg2 Nxe1+ 27. Kf2 Nd3+ 28. Ke2 Nc1+ 29. Kd2 Nxa2 30. Kc2 Nab4+ 31.
Kb2 Nd3+ 32. Kc2 Nc5 33. Kd2 e4 34. Ke2 Nd4+ 35. Ke3 Ndxb3 36. Kf4 g6 37.
Kg5 Nd2 38. Kf6 Rf8+ 39. Ke7 Rf7+ 40. Kd8 Nc4 41. Ke8 Nb6 42. Kd8 Ne6+ 43.
Ke8 Ng7+ 44. Kd8 Rd7# { White checkmated } 0-1

[Event "ICC tourney 2516 (60 10)"]
[Site "Internet Chess Club"]
[Date "2021.04.18"]
[Round "4"]
[White "XIE, KEVIN:kevinxps10"]
[Black "ASSELTA, SCARLETT:SRA0612"]
[Result "0-1"]
[ICCResult "White checkmated"]
[WhiteElo "1081"]
[BlackElo "859"]
[Opening "Sicilian: Pelikan (Lasker/Sveshnikov) variation"]
[ECO "B33"]
[NIC "SI.35"]
[Time "10:00:55"]
[PlyCount "50"]
[TimeControl "3600+10"]

1. e4 c5 2. Nf3 Nc6 3. d4 cxd4 4. Nxd4 Nf6 5. Nc3 e5 6. Nf3 Bb4 7. Bd2 O-O
8. a3 Be7 9. Bd3 d5 10. exd5 Nxd5 11. Bc4 Be6 12. Bb3 f5 13. Nxd5 Bxd5 14.
Bc3 Bxb3 15. cxb3 Qxd1+ 16. Rxd1 e4 17. Ne5 Nxe5 18. Bxe5 Rac8 19. O-O f4
20. f3 e3 21. Rfe1 Rc2 22. Kf1 Rf5 23. Bc3 Rg5 24. Rd7 Rgxg2 25. Rxe7 Rcf2#
{ White checkmated } 0-1

[Event "ICC tourney 2516 (60 10)"]
[Site "Internet Chess Club"]
[Date "2021.04.18"]
[Round "4"]
[White "YOON, JEREMY K:chessburger0220"]
[Black "Wong, Kai Hei:kaiw49"]
[Result "1-0"]
[ICCResult "Black checkmated"]
[WhiteElo "1235"]
[BlackElo "917"]
[Opening "Giuoco Piano"]
[ECO "C54"]
[NIC "IG.02"]
[Time "10:01:39"]
[PlyCount "99"]
[TimeControl "3600+10"]

1. e4 e5 2. Nf3 Nc6 3. Bc4 Bc5 4. c3 Nf6 5. d4 exd4 6. e5 Ne4 7. Bd5 dxc3
8. Bxe4 cxb2 9. Bxb2 Bb4+ 10. Nc3 O-O 11. O-O d6 12. exd6 Qxd6 13. Qxd6
Bxd6 14. Nb5 Re8 15. Nxd6 cxd6 16. Rfe1 Be6 17. Ng5 f5 18. Nxe6 Rxe6 19.
Bd5 Nd8 20. Bxe6+ Nxe6 21. Rxe6 Rd8 22. Rae1 h6 23. Re8+ Rxe8 24. Rxe8+ Kh7
25. Re7 d5 26. Rxg7+ Kh8 27. Rxb7+ Kg8 28. Rxa7 Kf8 29. Rd7 Ke8 30. Rxd5
Ke7 31. Rxf5 Ke6 32. Rh5 Kd6 33. Rxh6+ Ke7 34. a4 Kd7 35. Rb6 Kc7 36. Rb3
Kc6 37. a5 Kc7 38. a6 Kc8 39. a7 Kc7 40. Be5+ Kc8 41. Rb8+ Kd7 42. a8=Q Ke6
43. Qc6+ Kf5 44. Rf8+ Kxe5 45. Qe8+ Kd6 46. Rf7 Kd5 47. Rd7+ Kc4 48. Qc8+
Kb5 49. Rb7+ Ka4 50. Qa8# { Black checkmated } 1-0

[Event "ICC tourney 2516 (60 10)"]
[Site "Internet Chess Club"]
[Date "2021.04.18"]
[Round "4"]
[White "SKELCHER, OLIVER:oliverskelcher"]
[Black "Lee, Jesse:rubblepup"]
[Result "0-1"]
[ICCResult "White checkmated"]
[WhiteElo "778"]
[BlackElo "1241"]
[Opening "Giuoco Pianissimo"]
[ECO "C50"]
[NIC "IG.02"]
[Time "10:00:44"]
[PlyCount "136"]
[TimeControl "3600+10"]

1. e4 e5 2. Nf3 Nc6 3. Bc4 Bc5 4. d3 Nf6 5. Bg5 h6 6. Bh4 d6 7. a3 O-O 8.
h3 Be6 9. Bb3 Qe7 10. Nc3 Rad8 11. Nd5 Bxd5 12. Bxd5 Rfe8 13. b4 Bb6 14. b5
Na5 15. a4 Bc5 16. d4 Bb4+ 17. Ke2 Bc3 18. Rb1 exd4 19. Nxd4 Bxd4 20. Qxd4
c6 21. Bxf6 Qxf6 22. Qxf6 gxf6 23. bxc6 bxc6 24. Bb3 Rxe4+ 25. Kd3 Rf4 26.
Rbf1 Re8 27. g3 Rf3+ 28. Kd2 Nxb3+ 29. cxb3 Rxb3 30. Ra1 Rb2+ 31. Kc3 Rxf2
32. Rhf1 Rxf1 33. Rxf1 Kg7 34. g4 Re3+ 35. Kd2 Rxh3 36. Rc1 c5 37. Ke2 Ra3
38. Rd1 Rxa4 39. Rxd6 Rxg4 40. Rc6 Rg5 41. Ra6 h5 42. Rxa7 h4 43. Ra5 Kg6
44. Kf2 h3 45. Ra1 Rh5 46. Kg3 h2 47. Rh1 Kg5 48. Kf3 f5 49. Ke3 f4+ 50.
Kf2 Kg4 51. Kg2 f3+ 52. Kf2 c4 53. Kf1 Kg3 54. Ke1 Kg2 55. Rf1 h1=Q 56. Kd2
Qxf1 57. Ke3 Qc1+ 58. Kd4 Rh4+ 59. Kc5 Qa3+ 60. Kd5 Qa5+ 61. Kd6 Rh6+ 62.
Ke7 Qa7+ 63. Kf8 Rh8+ 64. Kg7 Qb8 65. Kf6 Qd6+ 66. Kg7 Qh6+ 67. Kxf7 Rh7+
68. Kg8 Qg7# { White checkmated } 0-1

[Event "ICC tourney 2516 (60 10)"]
[Site "Internet Chess Club"]
[Date "2021.04.18"]
[Round "4"]
[White "AMBA, ADVAITH:advichess"]
[Black "SPEDALIERI, JULIAN N:julians2012"]
[Result "1-0"]
[ICCResult "Black resigns"]
[WhiteElo "859"]
[BlackElo "1087"]
[Opening "two knights defense: Wilkes Barre (Traxler) variation"]
[ECO "C57"]
[NIC "KP.01"]
[Time "10:01:02"]
[PlyCount "64"]
[TimeControl "3600+10"]

1. e4 e5 2. Nf3 Nc6 3. Bc4 Nf6 4. Ng5 Bc5 5. Nxf7 Bxf2+ 6. Kxf2 Nxe4+ 7.
Kf1 Qf6+ 8. Qf3 Qxf3+ 9. gxf3 Nd6 10. Nxh8 Nxc4 11. Na3 Nxa3 12. bxa3 Kf8
13. Rg1 Kg8 14. Bb2 Kxh8 15. f4 d6 16. Re1 Bh3+ 17. Kf2 Re8 18. d4 Rf8 19.
dxe5 dxe5 20. Bxe5 Nxe5 21. Rxe5 Rxf4+ 22. Kg3 Rf8 23. Kxh3 Kg8 24. Re7 Rf7
25. Rxf7 Kxf7 26. Re1 g5 27. Kg4 Kg6 28. Rf1 h5+ 29. Kg3 h4+ 30. Kg4 c6 31.
h3 b6 32. Rf5 c5 { Black resigns } 1-0

[Event "ICC tourney 2516 (60 10)"]
[Site "Internet Chess Club"]
[Date "2021.04.18"]
[Round "4"]
[White "Iyer, Akash:akashiyer2012"]
[Black "Alibhai, Aiyan Zain:Aza288"]
[Result "0-1"]
[ICCResult "White resigns"]
[WhiteElo "713"]
[BlackElo "424"]
[Opening "Giuoco Piano"]
[ECO "C53"]
[NIC "IG.02"]
[Time "10:00:44"]
[PlyCount "76"]
[TimeControl "3600+10"]

1. e4 e5 2. Nf3 Nc6 3. Bc4 Bc5 4. c3 Nge7 5. d4 exd4 6. cxd4 Bb4+ 7. Nc3
O-O 8. O-O Ng6 9. a3 Bxc3 10. bxc3 d6 11. Bg5 Qe8 12. Qd2 Qxe4 13. Rfe1 Qf5
14. Bd3 Qd5 15. c4 Qa5 16. Qe2 b6 17. Qe4 f6 18. Be3 f5 19. Qxc6 Qa6 20. c5
dxc5 21. Bxa6 Bxa6 22. Qd5+ Kh8 23. Nh4 Nxh4 24. Qe5 Rae8 25. Qxc7 Ng6 26.
d5 f4 27. Bd2 Ra8 28. Bc3 Rg8 29. Re8 Raxe8 30. d6 Rc8 31. Qxa7 Bb5 32. d7
Rcd8 33. Re1 Rxd7 34. Qxb6 Bd3 35. Qc6 Re7 36. Rd1 Rge8 37. h3 Be4 38. Rd7
Bxc6 { White resigns } 0-1

[Event "ICC tourney 2516 (60 10)"]
[Site "Internet Chess Club"]
[Date "2021.04.18"]
[Round "4"]
[White "PRASERTSOM, AUGUST SAHARAT:August2012"]
[Black "KUMAR, VIHAN:bangingcuberyt"]
[Result "0-1"]
[ICCResult "White checkmated"]
[WhiteElo "1013"]
[BlackElo "631"]
[Opening "Caro-Kann defense"]
[ECO "B10"]
[NIC "CK.01"]
[Time "10:01:22"]
[PlyCount "32"]
[TimeControl "3600+10"]

1. e4 c6 2. Nf3 d5 3. exd5 cxd5 4. Nc3 Bf5 5. d4 e6 6. Be3 Nf6 7. a3 Nc6 8.
Bb5 Bd6 9. O-O O-O 10. Ne5 Nxe5 11. dxe5 Bxe5 12. Bd4 Bxh2+ 13. Kh1 Bd6 14.
Bd3 Ne4 15. f3 Qh4+ 16. Kg1 Qh2# { White checkmated } 0-1

[Event "ICC tourney 2516 (60 10)"]
[Site "Internet Chess Club"]
[Date "2021.04.18"]
[Round "4"]
[White "Antonios, Mila:mimiant"]
[Black "HEMLOCK, SEBASTIAN KOH:SKH2011"]
[Result "0-1"]
[ICCResult "White checkmated"]
[WhiteElo "1023"]
[BlackElo "777"]
[Opening "Sicilian: dragon, classical attack"]
[ECO "B72"]
[NIC "SI.16"]
[Time "10:00:31"]
[PlyCount "122"]
[TimeControl "3600+10"]

1. e4 c5 2. Nf3 d6 3. d4 cxd4 4. Nxd4 Nf6 5. Nc3 g6 6. Be3 Bg7 7. Be2 Nc6
8. f3 O-O 9. O-O Qb6 10. Qd2 Nxe4 11. fxe4 Nxd4 12. Nd5 Nxe2+ 13. Qxe2 Qd8
14. Qd2 Bxb2 15. Rae1 Be6 16. Bd4 Bxd5 17. exd5 Bxd4+ 18. Qxd4 Qb6 19. Qxb6
axb6 20. Rxe7 Rxa2 21. Rxb7 Rxc2 22. Rxb6 Ra8 23. Rxd6 Raa2 24. Rb1 Rxg2+
25. Kf1 Rxh2 26. Rb8+ Kg7 27. Kg1 Rhd2 28. Rb1 Ra5 29. Re1 Raxd5 30. Rxd5
Rxd5 31. Kg2 h5 32. Kh3 Rd4 33. Rg1 Kh6 34. Rf1 Rd3+ 35. Kh2 f5 36. Kg2 Rd5
37. Kg3 g5 38. Rh1 Rd3+ 39. Kf2 h4 40. Ke2 Ra3 41. Rf1 Kg6 42. Kf2 g4 43.
Kg2 Kg5 44. Kh2 Ra2+ 45. Kg1 h3 46. Kh1 h2 47. Rb1 g3 48. Rb3 Ra1+ 49. Kg2
h1=Q+ 50. Kxg3 Rg1+ 51. Kf2 Qg2+ 52. Ke3 Re1+ 53. Kd4 Qe4+ 54. Kc3 Re3+ 55.
Kb2 Rxb3+ 56. Kxb3 f4 57. Ka3 f3 58. Kb3 f2 59. Ka3 f1=R 60. Ka2 Qb7 61.
Ka3 Ra1# { White checkmated } 0-1

[Event "ICC tourney 2516 (60 10)"]
[Site "Internet Chess Club"]
[Date "2021.04.18"]
[Round "4"]
[White "MARCAL, ZIVA:SpeyerZivaM"]
[Black "Kuruvilla, Joshua Varughese:joshuakps77"]
[Result "0-1"]
[ICCResult "White checkmated"]
[WhiteElo "726"]
[BlackElo "997"]
[Opening "Two knights defense (Modern bishop's opening)"]
[ECO "C55"]
[NIC "IG.01"]
[Time "10:00:26"]
[PlyCount "80"]
[TimeControl "3600+10"]

1. e4 e5 2. Nf3 Nc6 3. Bc4 Nf6 4. d3 Be7 5. c3 d6 6. Nbd2 O-O 7. Nf1 Na5 8.
Bb5 a6 9. Ba4 b5 10. Bc2 Kh8 11. Ng3 Ng8 12. O-O c5 13. d4 cxd4 14. cxd4
Nc6 15. dxe5 dxe5 16. Qe2 Nf6 17. Be3 Be6 18. Rfd1 Qc8 19. Nh4 Bc4 20. Qf3
Ng4 21. h3 Nxe3 22. Qxe3 Bxh4 23. Nf5 Bf6 24. Qf3 Be6 25. Nd6 Qb8 26. Bb3
Nd4 27. Qd3 Qxd6 28. f4 Bxb3 29. axb3 Qe6 30. f5 Qb6 31. Rac1 Nxb3+ 32. Kh2
Nxc1 33. Rxc1 Qd8 34. Qf3 Rc8 35. g4 Qd2+ 36. Kg3 Rxc1 37. h4 Rg1+ 38. Kh3
Qe1 39. Kh2 Rh1+ 40. Kg2 Qg1# { White checkmated } 0-1

[Event "ICC tourney 2516 (60 10)"]
[Site "Internet Chess Club"]
[Date "2021.04.18"]
[Round "4"]
[White "Peng, Terence:terecepps11"]
[Black "KYRIACOU, ARIS:AriWinsU"]
[Result "0-1"]
[ICCResult "White checkmated"]
[WhiteElo "496"]
[BlackElo "962"]
[Opening "Scandinavian defense"]
[ECO "B01"]
[NIC "SD.03"]
[Time "10:00:53"]
[PlyCount "58"]
[TimeControl "3600+10"]

1. e4 d5 2. exd5 Nf6 3. Bc4 Nxd5 4. Bxd5 Qxd5 5. d3 Qxg2 6. Qf3 Bh3 7. Nd2
Nc6 8. c3 Ne5 9. Qe4 Nxd3+ 10. Qxd3 Qxh1 11. Nf3 Bg2 12. Bf4 Bxf3 13. Qxf3
Qxg1+ 14. Ke2 Qxa1 15. Bxc7 Qxb2+ 16. Kd3 Qb1+ 17. Kd2 Qxa2+ 18. Kd3 Qb1+
19. Kd2 Rc8 20. Qf4 g6 21. Qa4+ b5 22. Qxa7 Bg7 23. Qb7 O-O 24. c4 Qb2+ 25.
Kd1 Bc3 26. Bf4 Rcd8+ 27. Qd5 bxc4 28. Qxd8 Rxd8+ 29. Bd6 Rxd6# { White
checkmated } 0-1

[Event "ICC tourney 2516 (60 10)"]
[Site "Internet Chess Club"]
[Date "2021.04.18"]
[Round "4"]
[White "Vostrikova, Maya:MayaVostrikova"]
[Black "CHUN, MATTHIAS:Benjimc77"]
[Result "1-0"]
[ICCResult "Black checkmated"]
[WhiteElo "593"]
[BlackElo "753"]
[Opening "Ruy Lopez: Berlin defense, 4.O-O, d6"]
[ECO "C66"]
[NIC "RL.02"]
[Time "10:01:21"]
[PlyCount "59"]
[TimeControl "3600+10"]

1. e4 e5 2. Nf3 Nc6 3. Bb5 d6 4. O-O Nf6 5. d3 Bd7 6. Nc3 Be7 7. Bg5 O-O 8.
Re1 Nd4 9. Bxd7 Nxf3+ 10. Qxf3 Nxd7 11. Bxe7 Qxe7 12. Qg4 Nf6 13. Qg5 h6
14. Qh4 c6 15. Re3 Rfe8 16. Rg3 d5 17. exd5 cxd5 18. Re1 e4 19. Qxh6 g6 20.
Rh3 Nh5 21. dxe4 Qf8 22. Qg5 dxe4 23. Rxh5 Qg7 24. Rh3 Re5 25. Qg3 Rd8 26.
Qh4 Rd7 27. Rxe4 Rxe4 28. Qxe4 Qxc3 29. Qe8+ Kg7 30. Qh8# { Black
checkmated } 1-0

[Event "ICC tourney 2516 (60 10)"]
[Site "Internet Chess Club"]
[Date "2021.04.18"]
[Round "4"]
[White "DUNIKOV, DAVID EUGENE:DavidNest"]
[Black "Goodrich, Elliott:mrforkydude"]
[Result "0-1"]
[ICCResult "White checkmated"]
[WhiteElo "1230"]
[BlackElo "1412"]
[Opening "KGA: Fischer defense"]
[ECO "C34"]
[NIC "KG.02"]
[Time "10:00:40"]
[PlyCount "136"]
[TimeControl "3600+10"]

1. e4 e5 2. f4 exf4 3. Nf3 d6 4. d4 Bg4 5. Bxf4 Be7 6. Be2 Nf6 7. Nc3 Bh5
8. O-O Bg6 9. e5 dxe5 10. dxe5 Nfd7 11. Nb5 a6 12. Nc3 O-O 13. Nd5 Bc5+ 14.
Kh1 Nc6 15. a3 Be4 16. Nc3 Bxf3 17. Bxf3 Ndxe5 18. Bxe5 Nxe5 19. Bxb7 Qxd1
20. Raxd1 Rab8 21. Bxa6 Rxb2 22. Rd5 Bd6 23. Ne4 Rxc2 24. Nxd6 cxd6 25.
Rxd6 g6 26. h3 Ra8 27. Ra1 Rb8 28. a4 Rbb2 29. Bf1 Ra2 30. Rdd1 Nc6 31. Bb5
Na7 32. Rxa2 Rxa2 33. Be8 Kf8 34. Bxf7 Rxa4 35. Rf1 Kg7 36. Bb3 Ra3 37. Bc4
h5 38. Kg1 Nc6 39. Rf7+ Kh6 40. Kf2 Ne5 41. Bd5 Nxf7 42. Bxf7 Kg7 43. Bd5
h4 44. Bf3 Kf6 45. g3 Ra2+ 46. Kg1 hxg3 47. Bg4 Kg5 48. Kh1 Kh4 49. Kg1 Rh2
50. Kf1 Rxh3 51. Bxh3 Kxh3 52. Kg1 g2 53. Kf2 Kh2 54. Kf3 g1=Q 55. Kf4 Qg3+
56. Ke4 Qf2 57. Ke5 Qf3 58. Ke6 g5 59. Ke5 g4 60. Ke6 g3 61. Ke5 g2 62. Ke6
g1=Q 63. Ke5 Qe1+ 64. Kd6 Qd3+ 65. Kc5 Qc1+ 66. Kb4 Qdb1+ 67. Ka4 Qcb2 68.
Ka5 Qb5# { White checkmated } 0-1

[Event "ICC tourney 2516 (60 10)"]
[Site "Internet Chess Club"]
[Date "2021.04.18"]
[Round "4"]
[White "GAO, LILIANNA:QueenOfBlade"]
[Black "KHAN, SAARIM YANAAL:Themarvelman"]
[Result "1-0"]
[ICCResult "Black checkmated"]
[WhiteElo "998"]
[BlackElo "683"]
[Opening "two knights defense: Fritz variation"]
[ECO "C57"]
[NIC "KP.01"]
[Time "10:00:43"]
[PlyCount "53"]
[TimeControl "3600+10"]

1. e4 e5 2. Nf3 Nc6 3. Bc4 Nf6 4. Ng5 d5 5. exd5 Nd4 6. d6 Qxd6 7. Nxf7 Qc6
8. d3 Qxg2 9. Rf1 Nf3+ 10. Ke2 Qg4 11. Nd2 Nxh2+ 12. f3 Qg2+ 13. Rf2 Qh3
14. Qh1 Nfg4 15. fxg4 Bxg4+ 16. Nf3 Bxf3+ 17. Rxf3 Nxf3 18. Qxf3 Qh2+ 19.
Qf2 Qh5+ 20. Kf1 Qh3+ 21. Qg2 Qf5+ 22. Qf2 Qh3+ 23. Kg1 b6 24. Be3 Qg4+ 25.
Qg2 Qd7 26. Qxa8+ Ke7 27. Bg5# { Black checkmated } 1-0

[Event "ICC tourney 2516 (60 10)"]
[Site "Internet Chess Club"]
[Date "2021.04.18"]
[Round "4"]
[White "ABDULLAH, AARIZ:onerider"]
[Black "WEYMAN, GRANT A:grantwey"]
[Result "0-1"]
[ICCResult "White checkmated"]
[WhiteElo "1061"]
[BlackElo "669"]
[Opening "King's pawn game"]
[ECO "C50"]
[NIC "IG.03"]
[Time "10:00:33"]
[PlyCount "82"]
[TimeControl "3600+10"]

1. e4 e5 2. Nf3 Nc6 3. Bc4 h6 4. c3 Nf6 5. d3 Be7 6. Be3 O-O 7. O-O d6 8.
Nbd2 Be6 9. Bb3 Na5 10. d4 exd4 11. cxd4 Nxb3 12. Nxb3 c6 13. h3 d5 14. e5
Nd7 15. Re1 Bb4 16. Re2 f6 17. Qc1 fxe5 18. Nxe5 Nxe5 19. dxe5 Re8 20. Bxh6
gxh6 21. Qxh6 Re7 22. a3 Ba5 23. Nd4 Qf8 24. Qg5+ Qg7 25. Nxe6 Rxe6 26. Qf5
Rg6 27. f4 Rf8 28. Qc2 Bb6+ 29. Kh2 Qh6 30. f5 Rg5 31. f6 Rg6 32. Rf1 Bc7
33. Qc5 Rgxf6 34. Rxf6 Qxf6 35. Qxa7 Bxe5+ 36. g3 Bxg3+ 37. Kxg3 Qf3+ 38.
Kh4 Qxe2 39. Qxb7 Rf4+ 40. Kg5 Qe5+ 41. Kg6 Rf6# { White checkmated } 0-1

[Event "ICC tourney 2516 (60 10)"]
[Site "Internet Chess Club"]
[Date "2021.04.18"]
[Round "4"]
[White "CHAN, HANNAH:hannahchan"]
[Black "LAVALLEE, ETHAN:FixedTooth"]
[Result "1-0"]
[ICCResult "Black checkmated"]
[WhiteElo "947"]
[BlackElo "321"]
[Opening "two knights defense: Fegatello attack"]
[ECO "C57"]
[NIC "KP.01"]
[Time "10:00:28"]
[PlyCount "75"]
[TimeControl "3600+10"]

1. e4 e5 2. Nf3 Nc6 3. Bc4 Nf6 4. Ng5 d5 5. exd5 Nxd5 6. Nxf7 Kxf7 7. Qf3+
Ke8 8. Bxd5 Kd7 9. Nc3 Nd4 10. Qf7+ Be7 11. O-O Kd6 12. Ne4+ Kd7 13. Nc5+
Kd6 14. Bxb7 Bxb7 15. Nxb7+ Kc6 16. Nxd8+ Rhxd8 17. Qxe7 Re8 18. Qb4 Kd5
19. c4+ Ke6 20. Qc5 Rab8 21. Re1 Rb6 22. Rxe5+ Kd7 23. Rxe8 Kxe8 24. Qxd4
Re6 25. h3 Re1+ 26. Kh2 Ke7 27. Qxg7+ Ke6 28. Qxh7 Kd6 29. c5+ Kxc5 30. d4+
Kxd4 31. Be3+ Ke5 32. Rxe1 Kd5 33. Qh5+ Ke4 34. Bxa7+ Kd3 35. Re3+ Kd2 36.
Qe2+ Kc1 37. Rd3 c6 38. Rd1# { Black checkmated } 1-0

[Event "ICC tourney 2516 (60 10)"]
[Site "Internet Chess Club"]
[Date "2021.04.18"]
[Round "4"]
[White "DORON-REPA, HILLEL:Hillel-2012"]
[Black "PANG, OWEN J:C31chessP"]
[Result "0-1"]
[ICCResult "White checkmated"]
[WhiteElo "221"]
[BlackElo "887"]
[Opening "QGD Slav: 4.Nc3"]
[ECO "D15"]
[NIC "SL.03"]
[Time "10:00:27"]
[PlyCount "96"]
[TimeControl "3600+10"]

1. d4 c6 2. c4 d5 3. Nc3 Nf6 4. Nf3 Bg4 5. e3 e6 6. Bd3 Be7 7. O-O O-O 8.
cxd5 cxd5 9. Bd2 Nc6 10. Re1 Qd6 11. Rc1 Rac8 12. Nb5 Qd7 13. Qe2 a6 14.
Nc3 Qd6 15. Bb1 Bd8 16. g3 Bc7 17. Na4 h5 18. h4 Ne4 19. Kh2 Nxd2 20. Qxd2
Bxf3 21. Qd3 Be4 22. Qe2 Bxb1 23. Rxb1 b5 24. Nc5 Bb6 25. b4 Bxc5 26. bxc5
Qe7 27. Qxh5 Qf6 28. Rf1 e5 29. Rbd1 exd4 30. exd4 Nxd4 31. Qxd5 Nf3+ 32.
Kg2 Ne5 33. Rfe1 Rfe8 34. Re3 Nc4 35. Rf3 Qe6 36. Qg5 Qg6 37. Qd5 Re5 38.
Qb7 Rce8 39. c6 Qe6 40. Rd7 Rf5 41. Rfd3 Qe4+ 42. Kg1 Qe1+ 43. Kh2 Rxf2+
44. Kh3 Qh1+ 45. Kg4 Re4+ 46. Kg5 f6+ 47. Kg6 Ne5+ 48. Kh5 Rf5# { White
checkmated } 0-1

[Event "ICC tourney 2516 (60 10)"]
[Site "Internet Chess Club"]
[Date "2021.04.18"]
[Round "4"]
[White "WANG, DEVIN V:DVWANG"]
[Black "AHN, WILLIAM TK:kitook"]
[Result "1-0"]
[ICCResult "Black checkmated"]
[WhiteElo "1064"]
[BlackElo "789"]
[Opening "Ruy Lopez: exchange variation"]
[ECO "C68"]
[NIC "RL.08"]
[Time "10:00:49"]
[PlyCount "115"]
[TimeControl "3600+10"]

1. e4 e5 2. Nf3 Nc6 3. Bb5 a6 4. Bxc6 dxc6 5. d3 Bd6 6. h3 Nf6 7. Nbd2 Be6
8. b3 Qe7 9. Bb2 Bd7 10. Nc4 O-O 11. Bxe5 b5 12. Bxd6 cxd6 13. Nb6 Rab8 14.
Nxd7 Qxd7 15. O-O Rfe8 16. Re1 Re7 17. Qd2 Rbe8 18. Re3 Nh5 19. a4 Re6 20.
axb5 axb5 21. c4 bxc4 22. bxc4 Rg6 23. Nh4 Rf6 24. d4 Nf4 25. Kh2 Rh6 26.
Nf5 Rf6 27. Rg3 g6 28. Nh4 Rxe4 29. Ra8+ Kg7 30. f3 Re2 31. Qa5 h6 32. Qb6
g5 33. Qb8 Re8 34. Qxe8 Qxe8 35. Rxe8 Kh7 36. Rg4 gxh4 37. Rxh4 Rg6 38.
Rxf4 Kg7 39. Re7 Rf6 40. Rxf6 Kxf6 41. Rc7 Ke6 42. Rxc6 Kd7 43. Ra6 Kc7 44.
c5 dxc5 45. dxc5 Kd7 46. c6+ Kc7 47. g4 Kc8 48. f4 f6 49. h4 Kc7 50. g5
fxg5 51. hxg5 hxg5 52. fxg5 Kd8 53. g6 Ke7 54. c7 Kd7 55. g7 Kxc7 56. g8=Q
Kd7 57. Qg7+ Kc8 58. Ra8# { Black checkmated } 1-0

[Event "ICC tourney 2516 (60 10)"]
[Site "Internet Chess Club"]
[Date "2021.04.18"]
[Round "4"]
[White "FISCHBEIN, LUCA DAVID:lucachesschess"]
[Black "HILL, LEO M:LeoMessy"]
[Result "1-0"]
[ICCResult "Black checkmated"]
[WhiteElo "1409"]
[BlackElo "952"]
[Opening "Petrov: Italian variation"]
[ECO "C42"]
[NIC "RG.01"]
[Time "10:00:31"]
[PlyCount "57"]
[TimeControl "3600+10"]

1. e4 e5 2. Nf3 Nf6 3. Bc4 Nxe4 4. Nxe5 d5 5. Bb3 Qe7 6. d4 f6 7. Bxd5 fxe5
8. Bxe4 exd4 9. O-O Qd8 10. Qh5+ g6 11. Qf3 Nc6 12. Re1 Be7 13. Bxc6+ bxc6
14. Bg5 Rf8 15. Bxe7 Rxf3 16. Bxd8+ Kxd8 17. gxf3 Bf5 18. c3 dxc3 19. Nxc3
Rb8 20. b3 Kc8 21. Rad1 Kb7 22. Na4 h5 23. Re5 Rg8 24. Rd4 Kc8 25. Nc5 Bb1
26. Re7 Bf5 27. Rb4 Bh3 28. Rb7 Rd8 29. Rexc7# { Black checkmated } 1-0

[Event "ICC tourney 2516 (60 10)"]
[Site "Internet Chess Club"]
[Date "2021.04.18"]
[Round "4"]
[White "Gaw, Zachary:zman-g"]
[Black "PHU, EMMA:elliephuy"]
[Result "0-1"]
[ICCResult "White checkmated"]
[WhiteElo "727"]
[BlackElo "1014"]
[Opening "Giuoco Piano: four knights variation"]
[ECO "C55"]
[NIC "IG.01"]
[Time "10:00:58"]
[PlyCount "142"]
[TimeControl "3600+10"]

1. e4 e5 2. Nf3 Nc6 3. Bc4 Nf6 4. Nc3 Bc5 5. O-O d6 6. h3 O-O 7. d3 h6 8.
Be3 Bb6 9. Qd2 Be6 10. Bb3 Qd7 11. Rad1 d5 12. Rfe1 d4 13. Bxh6 dxc3 14.
Qg5 Nh5 15. g4 f6 16. Bxe6+ Qxe6 17. Qg6 Qf7 18. gxh5 Qxg6+ 19. hxg6 gxh6
20. bxc3 f5 21. Kg2 Kg7 22. exf5 Rxf5 23. d4 exd4 24. cxd4 Raf8 25. Nh2
Rxf2+ 26. Kh1 Bxd4 27. Ng4 Rxc2 28. Ne3 Rc3 29. Nd5 Rxh3+ 30. Kg2 Rff3 31.
Ne7 Rfg3+ 32. Kf1 Rh1+ 33. Ke2 Rxe1+ 34. Kxe1 Bc3+ 35. Kf2 Rg4 36. Nxc6
bxc6 37. Rd7+ Kxg6 38. Rxc7 Rf4+ 39. Ke3 Be5 40. Rxc6+ Rf6 41. Rc5 Kf7 42.
Rxe5 Re6 43. Rxe6 Kxe6 44. Ke4 Kd6 45. Kf5 Kc5 46. Kg6 Kb4 47. Kxh6 a5 48.
Kg5 Ka3 49. Kf4 Kxa2 50. Ke3 Kb2 51. Kd3 a4 52. Kc4 a3 53. Kb4 a2 54. Kc4
a1=Q 55. Kd3 Qc1 56. Kd4 Qc3+ 57. Ke4 Qd2 58. Ke5 Qd3 59. Kf4 Qe2 60. Kf5
Qe3 61. Kf6 Qe4 62. Kg5 Qf3 63. Kg6 Qf4 64. Kg7 Qf5 65. Kg8 Qf6 66. Kh7 Qg5
67. Kh8 Kc3 68. Kh7 Kd4 69. Kh8 Ke5 70. Kh7 Kf6 71. Kh8 Qg7# { White
checkmated } 0-1